 Dungeon Crawl Stone Soup version 0.32-a0-558-g233958a4c4 (webtiles) character file.

Game seed: 11381185109610711334

1024 funkygono the Magician (level 8, 0/41 HPs)
             Began as a Deep Elf Fire Elementalist on Feb 28, 2024.
             Was an Initiate of Vehumet.
             Hit by a large rock thrown by a cyclops (18 damage)
             ... on level 6 of the Dungeon on Feb 29, 2024.
             The game lasted 00:09:38 (5869 turns).

funkygono the Magician (Deep Elf Fire Elementalist) Turns: 5869, Time: 00:09:38

Health: 0/41       AC:  6    Str:  5    XL:     8   Next: 2%
Magic:  14/21      EV: 13    Int: 23    God:    Vehumet [......]
Gold:   323        SH:  0    Dex: 15    Spells: 12/22 levels left

rFire   . . .        d - +0 dagger
rCold   . . .        (no shield)
rNeg    . . .        a - +0 robe
rPois   .            h - +1 helmet
rElec   .            (no cloak)
rCorr   .            (no gloves)
SInv    .            r - +1 pair of boots
Will    .....        s - amulet of magic regeneration
Stlth   ++           (no ring)
HPRegen 0.26/turn    (no ring)
MPRegen 0.57/turn

%: no passive effects
@: no status effects
A: no striking features
a: Renounce Religion


You were on level 6 of the Dungeon.
You worshipped Vehumet.
Vehumet was noncommittal.
You visited 1 branch of the dungeon, and saw 6 of its levels.

You collected 323 gold pieces.

Inventory:

Hand Weapons
 d - a +0 dagger (weapon)
Armour
 a - a +0 robe (worn)
 h - a +1 helmet (worn)
 r - a +1 pair of boots (worn)
Jewellery
 s - an amulet of magic regeneration (around neck)
 u - an amulet of guardian spirit
Wands
 o - a wand of quicksilver (4)
 q - a wand of roots (9)
Scrolls
 f - a scroll of noise
 p - a scroll of teleportation
 t - a scroll of vulnerability {unknown}
Potions
 b - a potion of magic
 c - a potion of enlightenment
 e - a potion of mutation
 g - 3 potions of attraction
 i - 2 potions of lignification
 j - a potion of degeneration {unknown}
 k - a potion of brilliance {unknown}
 l - a potion of heal wounds {unknown}
 m - a potion of haste {unknown}
 n - 2 potions of curing {unknown}
 w - a potion of berserk rage {unknown}


   Skills:
 + Level 0.1 Fighting
 + Level 2.0 Short Blades
 + Level 3.0 Dodging
 + Level 3.2 Stealth
 + Level 7.8 Spellcasting
 + Level 4.4 Conjurations
 + Level 6.6 Fire Magic


You had 12 spell levels left.
You knew the following spells:

 Your Spells              Type           Power      Damage    Failure   Level
a - Foxfire               Conj/Fire      100%       2x1d9     1%          1
b - Scorch                Fire           78%        2d8       1%          2
c - Volatile Blastmotes   Fire/Tloc      48%        2d14      5%          3
d - Flame Wave            Conj/Fire      34%        2d10      7%          4

Your spell library contained the following spells:

 Spells                   Type           Power      Damage    Failure   Level
 Static Discharge         Conj/Air       38%        3-5/arc   4%          2
 Inner Flame              Hex/Fire       24%        N/A       5%          3
 Airstrike                Air            4%         2d(1-17)  56%         4
 Summon Lightning Spire   Summ/Air       9%         N/A       56%         4
 Haunt                    Necr/Summ      4%         N/A       100%        7
 Borgnjor's Revivificati  Necr           4%         N/A       100%        8
 Death's Door             Necr           4%         N/A       100%        9


Dungeon Overview and Level Annotations

Branches:
Dungeon (6/15)
 Temple: D:4-7

Altars:
Nemelex Xobeh
Okawaru
Vehumet
Yredelemnul


Message History

Casting: Scorch (safe; 1% risk of failure)
Confirm with . or Enter, or press ? or * to list all spells.
You conjure some foxfire!
The foxfire hits the cyclops but does no damage.
Casting: Foxfire (safe; 1% risk of failure)
Confirm with . or Enter, or press ? or * to list all spells.
You conjure some foxfire!
The foxfire hits the cyclops.
The cyclops is lightly wounded.
The foxfire hits the cyclops but does no damage.
The cyclops is lightly wounded.
Casting: Foxfire (safe; 1% risk of failure)
Confirm with . or Enter, or press ? or * to list all spells.
You conjure some foxfire!
The foxfire hits the cyclops!
The cyclops is lightly wounded.
The foxfire hits the cyclops.
The cyclops is lightly wounded.
The foxfire hits the cyclops.
The cyclops is moderately wounded.
Casting: Foxfire (safe; 1% risk of failure)
Confirm with . or Enter, or press ? or * to list all spells.
You conjure some foxfire!
Casting: Foxfire (safe; 1% risk of failure)
Confirm with . or Enter, or press ? or * to list all spells.
Flames lash the cyclops.
The cyclops is heavily wounded.
The cyclops's fire resistance burns away.
The foxfire hits the cyclops.
The cyclops is burned terribly!
The cyclops is heavily wounded.
The foxfire hits the cyclops!
The cyclops is burned terribly!
The cyclops is severely wounded.
Casting: Scorch (safe; 1% risk of failure)
Confirm with . or Enter, or press ? or * to list all spells.
Flames lash the cyclops.
The cyclops is burned terribly!
The cyclops is almost dead.
The cyclops throws a large rock.
The large rock hits you!
Casting: Scorch (safe; 1% risk of failure)
Confirm with . or Enter, or press ? or * to list all spells.
Flames lash the cyclops but do no damage.
The cyclops throws a large rock.
The large rock hits you!!
You die...

#..............†..###.##
#.###<.##...#....))#..#
#..###.##.#####.#)###
........##.# #.#...##
###..######.# #..###.#
#..# #.# #..# #.# ...#
..# #..###.# #..#
#######.#...## #..#
#@......#..##
#.########.# #C# #.# #.#
#.# #.# #.# #.# #.# #.#
#.# #.# #.# #.# #.#


You could see a cyclops (combustible).

Vanquished Creatures
  A black bear (D:4)
  An ogre (D:5)
  An orc warrior (D:6)
  2 scorpions
  A bombardier beetle (D:4)
  2 howler monkeys
  4 hounds
  A jelly (D:5)
  2 orc priests
  Ijyb (D:4)
  2 iguanas
  A hound zombie (D:3)
  3 gnolls (D:2)
  10 adders
  A shadow imp (D:5)
  A white imp (D:5)
  3 dart slugs
  5 ribbon worms
  4 orcs
  6 bats
  9 endoplasms
  2 giant cockroaches (D:1)
  5 goblins
  5 hobgoblins
  7 jackals (D:1)
  A quokka (D:4)
  6 ball pythons
  2 ball python zombies (D:3)
  6 frilled lizards
  A giant cockroach zombie (D:3)
  7 kobolds
  5 rats
108 creatures vanquished.

Vanquished Creatures (others)
  352 foxfires
352 creatures vanquished.

Grand Total: 460 creatures vanquished

Notes
Turn   | Place    | Note
-------+----------+-------------------------------------------
     0 | D:1      | funkygono the Deep Elf Fire Elementalist began the quest
                  | for the Orb.
     0 | D:1      | Reached XP level 1. HP: 10/10 MP: 6/6
    93 | D:1      | Reached XP level 2. HP: 15/15 MP: 2/8
    96 | D:1      | Learned a level 2 spell: Scorch
   793 | D:1      | Reached XP level 3. HP: 19/19 MP: 7/10
   797 | D:1      | Learned a level 3 spell: Volatile Blastmotes
  1459 | D:2      | Reached XP level 4. HP: 24/24 MP: 8/11
  1464 | D:2      | Learned a level 4 spell: Flame Wave
  2476 | D:3      | Upgraded the game from 0.32-a0-519-g08f29ac1c3 to
                  | 0.32-a0-558-g233958a4c4
  2526 | D:3      | Reached skill level 4 in Spellcasting
  2719 | D:3      | Found a faded altar of an unknown god.
  2727 | D:3      | Reached XP level 5. HP: 28/28 MP: 8/13
  2830 | D:3      | Found a basalt altar of Yredelemnul.
  2942 | D:3      | Reached skill level 5 in Fire Magic
  3550 | D:4      | Noticed a black bear
  3555 | D:4      | Killed a black bear
  3556 | D:4      | Reached skill level 5 in Spellcasting
  3556 | D:4      | Reached XP level 6. HP: 18/32 MP: 4/16
  3920 | D:4      | Noticed Ijyb
  3934 | D:4      | Killed Ijyb
  4157 | D:4      | Found a radiant altar of Vehumet.
  4160 | D:4      | Became a worshipper of Vehumet
  4330 | D:4      | Reached skill level 6 in Spellcasting
  4643 | D:4      | Reached XP level 7. HP: 36/36 MP: 12/18
  4789 | D:5      | Entered Level 5 of the Dungeon
  4858 | D:5      | Reached skill level 1 in Short Blades
  5073 | D:5      | Found an iron altar of Okawaru.
  5300 | D:5      | Found a sparkling altar of Nemelex Xobeh.
  5317 | D:5      | Reached skill level 7 in Spellcasting
  5642 | D:5      | Identified a scroll of acquirement
  5642 | D:5      | Acquired an amulet of magic regeneration
  5859 | D:6      | Reached XP level 8. HP: 31/41 MP: 18/21
  5859 | D:6      | Noticed a cyclops
  5869 | D:6      | Hit by a large rock thrown by a cyclops

Illustrated notes

Levels and vault maps discovered:
D:1:      eino_arrival_druids_welcome, layout_basic
D:2:      layout_basic, st_stairs_14
D:3:      layout_basic, nicolae_yredelemnul_corpse_copse,
          chequers_ecumenical_altar_island, skrybe_limestone_x
D:4:      layout_loops_corners, lemuel_doored_altar, uniq_ijyb
D:5:      layout_loops_ring, kennysheep_mini, nemelex_spade_bored_becter
D:6:      layout_loops_ring, mainiacjoe_overflow_alcove_4,
          kennysheep_generic_room_13, uniq_pikel, uniq_sigmund

Skill      XL: |  1  2  3  4  5  6  7 |
---------------+----------------------+-----
Fire Magic     | 4 5 6 |  6.6
Conjurations   | 2 3 4 |  4.4
Spellcasting   | 4 5 6 7 |  7.8
Short Blades   | 2 |  2.0
Stealth        | 3 |  3.2
Dodging        | 3 |  3.0
Fighting       | |  0.1

Action                     |  1- 3 |  4- 6 |  7- 9 || total
---------------------------+-------+-------+-------++-------
  Melee: Dagger            |     3 |     7 |    27 ||    37
   Cast: Foxfire           |    77 |    97 |    27 ||   201
         Scorch            |     3 |    28 |    19 ||    50
    Use: Scroll            |     2 |     8 |     4 ||    14
 Armour: Robe              |     4 |    19 |    17 ||    40
  Dodge: Dodged            |     3 |    11 |    17 ||    31
         Repelled          |       |     1 |       ||     1

Table legend: (Time is in decaauts)
 A = Elapsed time spent in this place.
 B = Non-inter-level travel time spent in this place.
 C = Inter-level travel time spent in this place.
 D = Time resting spent in this place.
 E = Time spent auto-exploring this place.
 F = Levels seen in this place.
 G = Mean time per level.
                   A        B        C        D        E       F      G
               +--------+--------+--------+--------+--------+-----+--------+
         Total |   5867 |   5689 |    178 |    170 |   4782 |   6 |  977.8 |
       Dungeon |   5867 |   5689 |    178 |    170 |   4782 |   6 |  977.8 |
               +--------+--------+--------+--------+--------+-----+--------+

Top non-repeatable levels by time:
     D:2: 1407 daAuts
     D:4: 1238 daAuts
     D:3: 1076 daAuts
     D:1: 1066 daAuts
     D:5: 949 daAuts
     D:6: 128 daAuts
